 Dungeon Crawl Stone Soup version 0.27-a0-1359-ga2a4dfd6fd (webtiles) character file.

Game seed: 10266825112428537063

10885 Tocho the Bludgeoner (level 11, -23/97 HPs)
             Began as a Minotaur Fighter on June 28, 2021.
             Was an Elder of the Shining One.
             Annihilated by Donald (32 damage)
             ... on level 2 of the Orcish Mines.
             The game lasted 00:15:31 (9499 turns).

Tocho the Bludgeoner (Minotaur Fighter)             Turns: 9499, Time: 00:15:31

Health: -23/97     AC: 11    Str: 29    XL:     11   Next: 42%
Magic:  10/10      EV: 11    Int:  6    God:    the Shining One [****..]
Gold:   458        SH: 18    Dex: 10    Spells: 10/10 levels left

rFire    . . .     SeeInvis .   R - +5 long sword (freeze)
rCold    . . .     Faith    +   i - +7 kite shield "Ofufitomu" {Harm rN+ Str+5 Int-5}
rNeg     + + +     Spirit   .   h - +1 troll leather armour
rPois    .         Reflect  .   (helmet restricted)
rElec    .         Harm     +   Q - +1 cloak
rCorr    .         Rampage  +   j - +0 pair of gloves
Will     .....                  C - +1 pair of boots {rampage}
Stlth    +.........             G - amulet of faith
HPRegen  1.26/turn              e - +4 ring of slaying
MPRegen  0.12/turn              p - +6 ring of intelligence

@: glowing, studying Conjurations
A: horns 2, retaliatory headbutt
a: Renounce Religion, Divine Shield, Cleansing Flame


You were on level 2 of the Orcish Mines.
You worshipped the Shining One.
The Shining One was greatly pleased with you.
You visited 2 branches of the dungeon, and saw 12 of its levels.

You collected 458 gold pieces.

Inventory:

Hand Weapons
 a - a +0 long sword
 l - the +10 dark maul {vorpal}
   (You found it on level 4 of the Dungeon)

   It inflicts extra damage upon your enemies.
 r - a +2 scimitar of freezing
 R - a +5 long sword of freezing (weapon)
Missiles
 t - a throwing net (quivered)
 L - 81 poisoned darts
 O - 8 silver javelins
 U - 5 curare-tipped darts
Armour
 b - a +0 scale mail
 c - a +0 kite shield
 h - a +1 troll leather armour (worn)
 i - the +7 kite shield "Ofufitomu" (worn) {Harm rN+ Str+5 Int-5}
   (You found it on level 4 of the Dungeon)

   Str:       It affects your strength (+5).
   Int:       It affects your intelligence (-5).
   rN:        It protects you from negative energy.
   Harm:      It increases damage dealt and taken.
 j - a +0 pair of gloves (worn)
 n - a +0 cloak
 C - a +1 pair of boots of rampaging (worn)
 Q - a +1 cloak (worn)
Jewellery
 d - a ring of protection from fire
 e - a +4 ring of slaying (left hand)
 p - a +6 ring of intelligence (right hand)
 w - a ring of protection from fire
 z - a +6 ring of dexterity
 A - a ring of flight
 G - an amulet of faith (around neck)
 H - a ring of ice
 M - a ring of see invisible
 N - a ring of willpower
 P - a ring of willpower
Wands
 u - a wand of digging (5)
 E - a wand of acid (4)
 I - a wand of paralysis (8)
 J - a wand of flame (18)
Scrolls
 g - 9 scrolls of teleportation
 v - a scroll of brand weapon {unknown}
 y - a scroll of blinking {unknown}
 F - 6 scrolls of identify
 S - a scroll of holy word {unknown}
 T - a scroll of amnesia {unknown}
 V - a scroll of immolation {unknown}
 X - a scroll of magic mapping
Potions
 f - 5 potions of curing
 k - 3 potions of invisibility {unknown}
 m - 2 potions of berserk rage {unknown}
 o - 3 potions of flight
 q - 3 potions of heal wounds {unknown}
 s - 2 potions of attraction {unknown}
 x - 3 potions of brilliance {unknown}
 B - 2 potions of lignification {unknown}
 D - 2 potions of mutation {unknown}
 K - a potion of might
 W - a potion of ambrosia {unknown}
Miscellaneous
 Y - a condenser vane


   Skills:
 + Level 9.1 Fighting
 - Level 6.6 Long Blades
 * Level 15.2 Maces & Flails
 + Level 6.2 Armour
 + Level 4.9 Dodging
 + Level 2.1 Stealth
 + Level 7.1 Shields


You had 10 spell levels left.
You didn't know any spells.
Your spell library contained the following spells:

 Spells                   Type           Power      Damage    Failure   Level
 Beastly Appendage        Tmut           0%         N/A       83%         1
 Wereblood                Tmut           0%         N/A       93%         2
 Spider Form              Tmut/Pois      0%         N/A       99%         3
 Cause Fear               Hex            0%         N/A       100%        4
 Ice Form                 Ice/Tmut       0%         N/A       100%        4
 Blade Hands              Tmut           0%         N/A       100%        5
 Irradiate                Conj/Tmut      0%         3d13      100%        5
 Silence                  Hex/Air        0%         N/A       100%        5
 Yara's Violent Unravell  Hex/Tmut       0%         3d3       100%        5
 Statue Form              Tmut/Erth      0%         N/A       100%        6
 Dragon Form              Tmut           0%         N/A       100%        7
 Storm Form               Tmut/Air       0%         N/A       100%        7
 Discord                  Hex            0%         N/A       100%        8


Dungeon Overview and Level Annotations

Branches:
Dungeon (10/15)            Temple (0/1) D:4             Orc (2/2) D:10
    Elf (0/3) Orc:2
   Lair: D:8-11

Altars:
Cheibriados
Dithmenos
Fedhas
Kikubaaqudgha
Makhleb
Nemelex Xobeh
Okawaru
Trog
Vehumet
Xom
Yredelemnul
Zin
The Shining One
Beogh

Shops:
D:1 :   D:4 [   D:7 :   D:9 :   D:10 :   Orc:1 [

Annotations:
D:4 2 runed translucent doors
D:10 exclusion: orange crystal statue
Orc:2 Donald


Innate Abilities, Weirdness & Mutations

You have a pair of horns on your head.
You reflexively headbutt those who attack you in melee.


Message History

Unknown command.
You block the orc warrior's attack. The warg bites you but does no damage.
Items here: )) [[ †.
Unknown command.
You slice the warg!! You freeze the warg.
You kill the warg!
The orc warrior hits you from afar with a +0 trident.
An orc wizard comes into view. It is wielding a +0 dagger.
Unknown command.
The orc wizard shouts!
You block the orc warrior's attack. You block the orc's attack.
Unknown command.
You slash the orc warrior! You freeze the orc warrior.
The orc warrior is heavily wounded.
The orc warrior hits you with a +0 trident!
You block the orc's attack.
Donald casts a spell.
Donald seems to speed up.
Unknown command.
You hit the orc warrior but do no damage.
The orc warrior is heavily wounded.
Donald hits you from afar with a +2 demon trident of draining.
You block the orc warrior's attack. The orc closely misses you.
Donald hits you from afar with a +2 demon trident of draining!!
You block the orc warrior's attack.
Unknown command.
You are too injured to fight recklessly!
Unknown command.
You are too injured to fight recklessly!
Unknown command.
Unknown command.
You block Donald's attack. You block the orc warrior's attack.
Items here: )) [[ †.
Items here: )) ††.
Donald says, "I bet the Orb isn't even all that great."
Donald hits you from afar with a +2 demon trident of draining!!
* * * LOW HITPOINT WARNING * * *
There is a stone staircase leading up, spattered with blood here.
Donald hits you from afar with a +2 demon trident of draining!!
You die...

#.......#.....##
#.....@........# .....
.###... #†......#. .....
...#..... ##)....... .....#
........###.o.......
......##.........##o........
.......##.#.......@o.......<
........$...........).......
...#...........^@....$......
............................
......................#.##..
.......##..............## #.
......####.).)........##
.......###)))........$.#
....#.###...)......#....#
#.###.####....#......#.##
..##...# ###.#...#....##


You could see Donald (fast, strong), an orc warrior, an orc wizard and an orc.

Vanquished Creatures
  2 two-headed ogres
  The ghost of Pooter the Cleaver, a novice MiMo of Okawaru (D:6)
  Pikel (D:6)
  An ugly thing (D:8)
  2 kobold demonologists
  The ghost of Rocko1345 the Slasher, an amateur PaCK of Xom (D:5)
  2 hornets (D:10)
  Grinder (D:6)
  A wyvern (D:8)
  6 yaks (D:10)
  A vampire (D:10)
  3 steam dragons
  A warg (Orc:2)
  A water moccasin (D:5)
  6 orc warriors
  An ice beast (D:4)
  A sky beast (D:6)
  2 necrophages
  2 black bears
  4 ogres
  3 centaurs
  A phantom (D:6)
  17 kobold brigands
  The ghost of Hubris850 the Sneak, an amateur KoSu (D:4)
  4 bullfrogs
  A gnoll sergeant (D:9)
  A wyvern skeleton (D:6)
  2 water moccasin skeletons
  4 killer bees (D:9)
  3 wights (D:8)
  3 howler monkeys
  2 centaur zombies
  4 quasits (D:5)
  A gnoll shaman (D:4)
  9 orc priests
  A hound (D:4)
  Crazy Yiuf (D:2)
  A centaur skeleton (D:6)
  A jelly (D:5)
  2 iguanas
  Natasha (thrice) (D:2)
  10 orc wizards
  A killer bee zombie (D:6)
  16 gnolls
  2 adders
  A river rat (D:3)
  A shadow imp (D:6)
  A white imp (D:8)
  An ufetubus (D:5)
  2 worms
  6 dart slugs
  49 orcs
  6 ball pythons
  6 endoplasms
  6 giant cockroaches
  13 goblins
  5 hobgoblins
  4 jackals (D:4)
  2 quokkas
  5 bats
  2 frilled lizards
  25 kobolds
  9 rats
278 creatures vanquished.

Vanquished Creatures (others)
  3 fungi (D:2)
3 creatures vanquished.

Grand Total: 281 creatures vanquished

Notes
Turn   | Place    | Note
-------+----------+-------------------------------------------
     0 | D:1      | Tocho the Minotaur Fighter began the quest for the Orb.
     0 | D:1      | Reached XP level 1. HP: 19/19 MP: 0/0
    78 | D:1      | Found a faded altar of an unknown god.
   169 | D:1      | Reached XP level 2. HP: 26/27 MP: 1/1
   308 | D:1      | Found Usmyd's Book Shoppe.
   724 | D:1      | Reached XP level 3. HP: 31/33 MP: 2/2
   859 | D:2      | Noticed Natasha
   866 | D:2      | Killed Natasha
  1117 | D:2      | Reached XP level 4. HP: 40/40 MP: 3/3
  1661 | D:2      | Noticed Natasha
  1664 | D:2      | Killed Natasha
  1698 | D:2      | Found a runed translucent door.
  1699 | D:2      | Noticed Crazy Yiuf
  1835 | D:2      | Killed Crazy Yiuf
  1914 | D:2      | Noticed Natasha
  1918 | D:2      | Killed Natasha
  1919 | D:2      | Reached XP level 5. HP: 47/47 MP: 4/4
  1952 | D:3      | Reached skill level 1 in Dodging
  1955 | D:3      | Reached skill level 5 in Armour
  2178 | D:3      | Found a glowing golden altar of the Shining One.
  2352 | D:3      | Found a bloodstained altar of Trog.
  2412 | D:3      | Became a worshipper of the Shining One
  2442 | D:3      | Found a glowing silver altar of Zin.
  2634 | D:3      | Found a glowing drain.
  2729 | D:3      | Found a sparkling altar of Nemelex Xobeh.
  2729 | D:3      | Found a shimmering altar of Xom.
  2730 | D:3      | Found a radiant altar of Vehumet.
  2730 | D:3      | Found an ancient bone altar of Kikubaaqudgha.
  2920 | D:4      | Found a snail-covered altar of Cheibriados.
  2920 | D:4      | Found a large runed translucent door.
  2920 | D:4      | Found a large runed translucent door.
  2920 | D:4      | Noticed an ice beast
  2925 | D:4      | Killed an ice beast
  2926 | D:4      | Reached skill level 5 in Long Blades
  2926 | D:4      | Reached XP level 6. HP: 55/55 MP: 5/5
  2954 | D:4      | Reached skill level 5 in Fighting
  3405 | D:4      | Reached skill level 5 in Shields
  3406 | D:4      | Reached XP level 7. HP: 55/61 MP: 6/6
  3406 | D:4      | Found a large runed translucent door.
  3406 | D:4      | Found a large runed translucent door.
  3421 | D:4      | Identified the +7 kite shield "Ofufitomu" {Harm rN+ Str+5
                  | Int-5}
  3652 | D:4      | Reached skill level 1 in Stealth
  3656 | D:4      | Found the +10 dark maul {vorpal}
  3748 | D:4      | Found a staircase to the Ecumenical Temple.
  3847 | D:4      | Reached skill level 1 in Maces & Flails
  3858 | D:4      | Reached skill level 2 in Maces & Flails
  3947 | D:4      | Found a transporter.
  3948 | D:4      | Noticed Hubris850's ghost (amateur KoSu)
  3950 | D:4      | Reached * piety under the Shining One
  3953 | D:4      | Found a transporter.
  3969 | D:4      | Reached skill level 3 in Maces & Flails
  3970 | D:4      | Killed Hubris850's ghost
  3971 | D:4      | Reached XP level 8. HP: 54/70 MP: 7/7
  3972 | D:4      | Reached skill level 4 in Maces & Flails
  4123 | D:4      | Found Kelum's Antique Armour Shop.
  4197 | D:5      | Entered Level 5 of the Dungeon
  4247 | D:5      | Found a basalt altar of Yredelemnul.
  4256 | D:5      | Reached skill level 5 in Maces & Flails
  4336 | D:5      | Found a transporter.
  4354 | D:5      | Noticed Rocko1345's ghost (amateur PaCK)
  4392 | D:5      | Found a transporter.
  4417 | D:5      | Reached skill level 6 in Maces & Flails
  4417 | D:5      | Killed Rocko1345's ghost
  4418 | D:5      | Reached skill level 7 in Maces & Flails
  4828 | D:6      | Reached skill level 8 in Maces & Flails
  4885 | D:6      | Identified the +1 plate armour of Paranoia {rPois rC+ Int+3
                  | Stlth+}
  4887 | D:6      | Noticed Pooter's ghost (novice MiMo)
  4887 | D:6      | Reached ** piety under the Shining One
  4890 | D:6      | Found a runed translucent gate.
  4890 | D:6      | Found a runed translucent gate.
  4890 | D:6      | Found a runed translucent gate.
  4901 | D:6      | Killed Pooter's ghost
  4902 | D:6      | Reached skill level 9 in Maces & Flails
  4902 | D:6      | Reached XP level 9. HP: 39/78 MP: 8/8
  5095 | D:6      | Reached skill level 10 in Maces & Flails
  5219 | D:6      | Noticed Grinder
  5223 | D:6      | Killed Grinder
  5350 | D:6      | Noticed Pikel
  5351 | D:6      | Killed Pikel
  5352 | D:6      | Reached skill level 11 in Maces & Flails
  6014 | D:7      | Noticed a kobold demonologist
  6018 | D:7      | Killed a kobold demonologist
  6019 | D:7      | Reached skill level 12 in Maces & Flails
  6019 | D:7      | Reached XP level 10. HP: 86/86 MP: 9/9
  6085 | D:7      | Found Piych's Book Shop.
  6498 | D:7      | Found a burning altar of Makhleb.
  6630 | D:8      | Reached *** piety under the Shining One
  6775 | D:8      | Noticed a red ugly thing
  6779 | D:8      | Killed a red ugly thing
  6780 | D:8      | Reached skill level 13 in Maces & Flails
  7511 | D:8      | Lost intelligence.
  7819 | D:9      | Noticed a two-headed ogre
  7824 | D:9      | Killed a two-headed ogre
  7825 | D:9      | Reached skill level 14 in Maces & Flails
  7865 | D:9      | Found a shadowy altar of Dithmenos.
  7892 | D:9      | Found Loiwnef's Book Shop.
  8205 | D:9      | Found an iron altar of Okawaru.
  8271 | D:10     | Entered Level 10 of the Dungeon
  8294 | D:10     | Found a blossoming altar of Fedhas.
  8321 | D:10     | Noticed a two-headed ogre
  8328 | D:10     | Killed a two-headed ogre
  8329 | D:10     | Reached XP level 11. HP: 92/94 MP: 10/10
  8481 | D:10     | Reached skill level 15 in Maces & Flails
  8556 | D:10     | Noticed an orange crystal statue
  8646 | D:10     | Reached **** piety under the Shining One
  8722 | D:10     | Found Pokloewn's Book Shop.
  8809 | D:10     | Found a staircase to the Orcish Mines.
  9404 | Orc:1    | Entered Level 1 of the Orcish Mines
  9404 | Orc:1    | Found Ytefaz's Armour Shoppe.
  9410 | Orc:1    | You fall into a shaft and drop 1 floor!
  9410 | Orc:2    | Entered Level 2 of the Orcish Mines
  9453 | Orc:2    | Found a staircase to the Elven Halls.
  9485 | Orc:2    | Noticed Donald
  9499 | Orc:2    | Annihilated by Donald

Illustrated notes

Levels and vault maps discovered:
D:1:      dpeg_arrival_simpleton_c, layout_loops_ring, serial_shops,
          shop_fountains, hellmonk_ecumenical_altar_heavens_door, minmay_vboxes
D:2:      layout_loops_corners, minmay_ruptured, uniq_crazy_yiuf_cottage,
          uniq_natasha
D:3:      layout_loops_ring, zin_scriptorium, tso_oasis_becter,
          grunt_temple_overflow_open, portal_sewer_entry_c,
          minmay_misc_feat_cross
D:4:      layout_basic, cheibriados_altar_1, minmay_temple_entry_gardened_gates,
          gammafunk_ghost_smash, serial_shops, shop_statue,
          minmay_hollow_rounded_squares
D:5:      layout_rooms, lemuel_tele_altar, gammafunk_ghost_stat_death,
          interstate_on_off, kennysheep_generic_room_10
D:6:      layout_basic, biasface_ghost_orc_armoury, minmay_misc_feat_alley,
          st_stairs_5, uniq_grinder, uniq_pikel
D:7:      layout_loops_corners, general_overflow_altar, serial_shops,
          nicolae_shop_statue_plus
D:8:      layout_loops_corners, special_room [special_room_orc],
          small_chamber_with_monster
D:9:      layout_long_grid, grunt_dithmenos_smoke, okawaru_metal_pillars_1_2,
          serial_shops, nicolae_stop_n_shop_2
D:10:     layout_basic, fedhas_altar_1, orc_0_dummy, serial_shops,
          nicolae_shop_behind_doors, special_room [special_room_kobold],
          hangedman_abyss_or_decor_jellyfish_corner, minmay_protected_statue
Orc:1:    layout_caves, serial_shops, shop, shop, shop, nicolae_shop_crystal,
          shop, uniq_erica, uniq_harold
Orc:2:    grunt_orc_tribal_feast, layout_caves, uniq_donald, uniq_saint_roka,
          uniq_maurice

Skill      XL: |  1  2  3  4  5  6  7  8  9 10 11 |
---------------+----------------------------------+-----
Armour         | 4 5 6 |  6.2
Fighting       | 4 5 6 7 8 9 |  9.1
Long Blades    | 3 4 5 6 |  6.6
Shields        | 4 5 7 |  7.1
Dodging        | 1 3 4 |  4.9
Stealth        | 1 2 |  2.1
Maces & Flails | 3 9 12 14 15 | 15.2

Action                   |  1- 3 |  4- 6 |  7- 9 | 10-12 || total
-------------------------+-------+-------+-------+-------++-------
Melee: Long sword        |    64 |    44 |       |   133 ||   241
       Headbutt          |    10 |    12 |     8 |    31 ||    61
       Scimitar          |       |    38 |    15 |       ||    53
       Maul              |       |       |    78 |    49 ||   127
  Use: Scroll            |       |     6 |     1 |       ||     7
       Potion            |       |       |     2 |       ||     2
 Stab: Invisible         |       |     1 |       |       ||     1
Armor: Scale mail        |    25 |    29 |       |       ||    54
       Troll leather arm |       |       |    67 |    55 ||   122
Dodge: Dodged            |    16 |    18 |   115 |    90 ||   239
Block: Kite shield       |    33 |    43 |    11 |   123 ||   210
       Rpst.: Long sword |     4 |     3 |       |     9 ||    16
       Scimitar          |       |     1 |     1 |       ||     2

Table legend: (Time is in decaauts)
 A = Elapsed time spent in this place.
 B = Non-inter-level travel time spent in this place.
 C = Inter-level travel time spent in this place.
 D = Time resting spent in this place.
 E = Time spent auto-exploring this place.
 F = Levels seen in this place.
 G = Mean time per level.
                   A        B        C        D        E       F      G
               +--------+--------+--------+--------+--------+-----+--------+
         Total |   9810 |   9069 |    741 |    655 |   6807 |  12 |  817.5 |
       Dungeon |   9709 |   8968 |    741 |    655 |   6766 |  10 |  970.9 |
  Orcish Mines |    101 |    101 |      0 |      0 |     41 |   2 |   50.5 |
               +--------+--------+--------+--------+--------+-----+--------+

Top non-repeatable levels by time:
     D:4: 1323 daAuts
     D:8: 1284 daAuts
    D:10: 1151 daAuts
     D:2: 1141 daAuts
     D:6: 1019 daAuts
     D:3: 996 daAuts
     D:1: 844 daAuts
     D:7: 805 daAuts
     D:5: 596 daAuts
     D:9: 545 daAuts
   Orc:2: 94 daAuts
   Orc:1: 6 daAuts
